 Dungeon Crawl Stone Soup version 0.30-a0-1114-gd936c97349 (webtiles) character file.

Game seed: 151392166306968296

2916 haror the Thaumaturge (level 9, -1/61 (64) HPs)
             Began as a Purple Draconian Venom Mage on Apr 20, 2023.
             Was an Initiate of Gozag.
             Succumbed to a green ugly thing's poison
             ... on level 7 of the Dungeon on Apr 21, 2023.
             The game lasted 01:56:59 (9872 turns).

haror the Thaumaturge (Purple Draconian Venom Mage) Turns: 9872, Time: 01:57:03

HP:   -1/61 (64)    AC: 12    Str: 10 (11) XL:     9   Next: 50%
MP:   0/21          EV: 12    Int: 18 (20) God:    Gozag
Gold: 1197          SH:  0    Dex:  9 (11) Spells: 18/25 levels left

rFire   . . .      SeeInvis .    S - +4 short sword (freeze)
rCold   . . .      Faith    .    (no shield)
rNeg    . . .      Spirit   +    (body armour unavailable)
rPois   +          Reflect  .    (helmet restricted)
rElec   .          Rampage  .    o - +0 cloak
rCorr   +                        C - +2 pair of gloves
Will    +....                    M - +0 pair of boots
Stlth   ++                       c - amulet of guardian spirit
HPRegen 0.30/turn                J - ring of poison resistance
MPRegen 0.17/turn                y - ring of resist corrosion

@: lethally poisoned (-1 -> -14), lightly drained
A: breathe power, AC +7, unfitting armour, cold-blooded
a: Breathe Dispelling Energy, Renounce Religion, Potion Petition, Call Merchant,
Bribe Branch


You were on level 7 of the Dungeon.
You worshipped Gozag.
Gozag was most pleased with you.
You visited 1 branch of the dungeon, and saw 7 of its levels.

You collected 1197 gold pieces.

Inventory:

Hand Weapons
 O - a +4 rapier of draining
 S - a +4 short sword of freezing (weapon)
 T - a +4 mace
Missiles
 h - 6 boomerangs
 k - 39 stones
 w - 2 poisoned darts
 P - 2 javelins
Armour
 o - a +0 cloak (worn)
 C - a +2 pair of gloves (worn)
 M - a +0 pair of boots (worn)
Jewellery
 c - an amulet of guardian spirit (around neck)
 v - a ring of protection from fire
 y - a ring of resist corrosion (right hand)
 J - a ring of poison resistance (left hand)
 N - an amulet of magic regeneration
 R - a +6 ring of intelligence
Wands
 n - a wand of light (7)
Scrolls
 e - 5 scrolls of identify
 f - a scroll of summoning {unknown}
 g - 2 scrolls of teleportation {unknown}
 i - 5 scrolls of immolation
 j - a scroll of torment {unknown}
 p - 2 scrolls of noise {unknown}
 r - a scroll of silence {unknown}
 s - a scroll of amnesia {unknown}
 x - a scroll of fog {unknown}
 D - a scroll of magic mapping {unknown}
 G - a scroll of enchant armour {unknown}
 L - a scroll of fear {unknown}
Potions
 a - a potion of magic
 b - 4 potions of lignification
 d - a potion of flight
 l - 3 potions of degeneration
 u - 2 potions of might
 A - a potion of mutation {unknown}
 Q - a potion of attraction {unknown}


   Skills:
 + Level 1.4 Fighting
 + Level 0.6 Short Blades
 + Level 0.7 Maces & Flails
 + Level 1.0 Polearms
 + Level 2.1 Throwing
 + Level 3.1 Dodging
 + Level 2.6 Stealth
 + Level 8.5 Spellcasting
 + Level 4.0 Transmutations
 + Level 4.0 Air Magic
 + Level 8.1 Poison Magic
 + Level 0.4 Evocations


You had 18 spell levels left.
You knew the following spells:

 Your Spells              Type           Power      Damage    Failure   Level
a - Sting                 Tmut/Pois      100%       1d8       1%          1
b - Poisonous Vapours     Pois/Air       58%        N/A       1%          2
c - Olgreb's Toxic Radia  Pois           36%        N/A       3%          4

Your spell library contained the following spells:

 Spells                   Type           Power      Damage    Failure   Level
 Mephitic Cloud           Conj/Pois/Air  22%        N/A       5%          3
 Discord                  Hex            3%         N/A       100%        8
 Ignition                 Fire           3%         3d4       100%        8


Dungeon Overview and Level Annotations

Branches:
Dungeon (7/15)             Temple (0/1) D:5

Altars:
Elyvilon
Gozag
Hepliaklqana
Okawaru
Xom
Zin
The Shining One

Shops:
D:5 *


Innate Abilities, Weirdness & Mutations

You can breathe bolts of dispelling energy.
Your rich purple scales are hard. (AC +7)
You cannot fit into any form of body armour.
You are cold-blooded and may be slowed by cold attacks.


Message History

Your +0 pair of boots melds into your body.
Your roots penetrate the ground.
* * * LOW HITPOINT WARNING * * *
You feel very sick.
It was a potion of degeneration.
There was something very wrong with that liquid.
You feel weakened.
You feel dopey.
You feel clumsy.
* * * LOW HITPOINT WARNING * * *
You feel very sick.
The green ugly thing punches you but does no damage.
As you read the scroll labelled VUDOR ERO HON, it crumbles to dust.
It is a scroll of identify.
u - 2 potions of might
* * * LOW HITPOINT WARNING * * *
You feel very sick. The green ugly thing punches you!
* * * LOW HITPOINT WARNING * * *
As you read the scroll of identify, it crumbles to dust.
i - 5 scrolls of immolation
* * * LOW HITPOINT WARNING * * *
You feel very sick.
As you read the scroll of identify, it crumbles to dust.
d - a potion of flight
* * * LOW HITPOINT WARNING * * *
You feel very sick.
The green ugly thing punches you but does no damage.
As you read the scroll of identify, it crumbles to dust.
z - a potion of cancellation
* * * LOW HITPOINT WARNING * * *
You feel sick. The green ugly thing punches you.
* * * LOW HITPOINT WARNING * * *
Your magical effects are unravelling.
You feel magically purged.
You feel less wooden.
Your +0 cloak unmelds from your body.
Your +2 pair of gloves unmelds from your body.
Your +0 pair of boots unmelds from your body.
You feel yourself slow down.
You die...
Your body crumbles into a pile of gold.

#........<.#..# ###
#####...#.
############ ## #<#
..........#. #
#.###.# #.#...
.######.#((.###
#....>
..............#
#.....
####..........#
#.####
.....##.......# #.# $
#######u......# #.#
#...@.......####.#
#.#####.......##.#
#.# ######.##.####
#.####### #.##.##..
#.......#####.##.##.#
####.............##.#
#.##.#####.#####.#
#.##.# #.......#
#....# #########


You could see a green ugly thing.

Vanquished Creatures
  Pikel (D:6)
  Grinder (D:4)
  Eustachio (D:6)
  Duvessa (D:4)
  An ice beast (D:7)
  A black bear (D:5)
  2 ogres (D:5)
  2 centaurs (D:6)
  A gnoll sergeant (D:6)
  2 scorpions (D:5)
  7 wights
  Dowan (D:4)
  7 hounds
  A jelly (D:5)
  5 orc priests
  A gnoll bouda (D:5)
  2 iguanas (D:4)
  9 orc wizards
  6 gnolls
  4 adders
  A shadow imp (D:6)
  3 white imps
  A worm (D:3)
  2 dart slugs
  21 orcs
  12 ball pythons
  6 endoplasms
  3 giant cockroaches
  6 goblins
  11 hobgoblins
  7 jackals (D:1)
  6 kobolds
  A quokka (D:2)
  5 bats
  2 frilled lizards
  4 rats
  A spectral orc (D:7)
148 creatures vanquished.

Vanquished Creatures (others)
  5 plants (D:3)
5 creatures vanquished.

Grand Total: 153 creatures vanquished

Notes
Turn   | Place    | Note
-------+----------+-------------------------------------------
     0 | D:1      | haror the Draconian Venom Mage began the quest for the Orb.
     0 | D:1      | Reached XP level 1. HP: 14/14 MP: 3/3
   147 | D:1      | Reached XP level 2. HP: 20/20 MP: 3/5
   338 | D:1      | Found a faded altar of an unknown god.
   841 | D:1      | Reached XP level 3. HP: 26/26 MP: 3/6
   877 | D:1      | Learned a level 2 spell: Poisonous Vapours
   949 | D:1      | Prayed at the altar of an unknown god.
   949 | D:1      | Became a worshipper of Gozag Ym Sagoz the Greedy
  1430 | D:2      | Found an opulent altar of Gozag.
  2719 | D:3      | Reached XP level 4. HP: 33/33 MP: 2/8
  2743 | D:3      | Reached skill level 1 in Air Magic
  3704 | D:4      | Noticed Grinder
  3751 | D:4      | Killed Grinder
  3752 | D:4      | Reached XP level 5. HP: 38/38 MP: 2/10
  3752 | D:4      | Reached XP level 6. HP: 45/45 MP: 2/11
  4403 | D:4      | Noticed Dowan
  4403 | D:4      | Noticed Duvessa
  4451 | D:4      | Reached skill level 5 in Poison Magic
  4451 | D:4      | Your scales start taking on a rich purple colour.
  4451 | D:4      | Reached XP level 7. HP: 51/51 MP: 8/14
  4548 | D:4      | Killed Dowan
  4549 | D:4      | Reached skill level 5 in Spellcasting
  4558 | D:4      | Killed Duvessa
  4779 | D:4      | Found an iron altar of Okawaru.
  5241 | D:5      | Entered Level 5 of the Dungeon
  5750 | D:5      | Found a shimmering altar of Xom.
  5822 | D:5      | Found Rimar's Assorted Antiques.
  5861 | D:5      | Found a staircase to the Ecumenical Temple.
  6044 | D:5      | Reached skill level 1 in Throwing
  6044 | D:5      | Reached XP level 8. HP: 58/58 MP: 7/17
  6366 | D:5      | Reached skill level 1 in Fighting
  6690 | D:5      | Reached skill level 1 in Polearms
  7858 | D:5      | Learned a level 4 spell: Olgreb's Toxic Radiance
  8097 | D:6      | Noticed Pikel
  8175 | D:6      | Found a glowing silver altar of Zin.
  8300 | D:6      | Noticed Eustachio
  8311 | D:6      | Killed Eustachio
  8357 | D:6      | Reached XP level 9. HP: 61/64 MP: 13/20
  8738 | D:6      | Found a glowing golden altar of the Shining One.
  8739 | D:6      | Found a white marble altar of Elyvilon.
  8806 | D:6      | Killed Pikel
  8965 | D:7      | Noticed a green ugly thing
  9588 | D:7      | Found a hazy altar of Hepliaklqana.
  9870 | D:7      | HP: 4/91 [poisoned by a green ugly thing]
  9871 | D:7      | HP: 1/91 [green ugly thing (1)]
  9872 | D:7      | Succumbed to a green ugly thing's poison

Illustrated notes

Levels and vault maps discovered:
D:1:      onia_arrival_pyramid, layout_rooms,
          hellmonk_ecumenical_altar_arch_garden
D:2:      layout_basic, basic_altar
D:3:      layout_loops_ring, nicolae_concentric_dashed_squares_wild,
          kennysheep_cluttered_room, serial_bayou_pond_b
D:4:      layout_loops_cross, okawaru_ov_weapons_minmay, uniq_duvessa,
          uniq_grinder
D:5:      layout_loops_corners, lemuel_doored_altar,
          minmay_temple_entry_mini_moons, serial_shops, shop
D:6:      layout_cave_pools, good_gods_temple_1, uniq_pikel, uniq_eustachio
D:7:      layout_basic, nicolae_hepliaklqana_monster_ancestors

Skill      XL: |  1  2  3  4  5  6  7  8  9 |
---------------+----------------------------+-----
Dodging        | 2 3 |  3.1
Air Magic      | 1 2 3 4 |  4.0
Stealth        | 2 |  2.6
Spellcasting   | 3 4 6 7 8 |  8.5
Transmutations | 2 3 4 |  4.0
Poison Magic   | 4 5 7 8 |  8.1
Throwing       | 1 2 |  2.1
Fighting       | 1 |  1.4
Polearms       | 1 |  1.0
Short Blades   | |  0.6
Maces & Flails | |  0.7
Evocations     | |  0.4

Action                     |  1- 3 |  4- 6 |  7- 9 || total
---------------------------+-------+-------+-------++-------
  Melee: Unarmed           |    17 |       |     3 ||    20
         Tailslap          |     4 |       |    12 ||    16
         Trident           |       |       |    10 ||    10
         Morningstar       |       |       |     8 ||     8
         Rapier            |       |       |    41 ||    41
         Short sword       |       |       |    26 ||    26
  Throw: Stone             |    29 |       |       ||    29
         Boomerang         |     8 |       |    12 ||    20
         Javelin           |       |       |    26 ||    26
         Dart              |       |       |     1 ||     1
         Throwing net      |       |       |     1 ||     1
   Cast: Sting             |    52 |    36 |    91 ||   179
         Poisonous Vapours |    18 |    24 |    95 ||   137
         Olgreb's Toxic Ra |       |       |     3 ||     3
  Evoke: Wand              |       |     2 |     3 ||     5
    Use: Potion            |       |       |     9 ||     9
         Scroll            |       |       |     4 ||     4
 Armour: Skin              |    23 |    13 |    87 ||   123
  Dodge: Dodged            |    49 |    32 |   128 ||   209

Table legend: (Time is in decaauts)
 A = Elapsed time spent in this place.
 B = Non-inter-level travel time spent in this place.
 C = Inter-level travel time spent in this place.
 D = Time resting spent in this place.
 E = Time spent auto-exploring this place.
 F = Levels seen in this place.
 G = Mean time per level.
                   A        B        C        D        E       F      G
               +--------+--------+--------+--------+--------+-----+--------+
         Total |   9910 |   9434 |    476 |   3413 |   3160 |   7 | 1415.7 |
       Dungeon |   9910 |   9434 |    476 |   3413 |   3160 |   7 | 1415.7 |
               +--------+--------+--------+--------+--------+-----+--------+

Top non-repeatable levels by time:
     D:5: 2469 daAuts
     D:4: 1950 daAuts
     D:3: 1466 daAuts
     D:2: 1130 daAuts
     D:6: 1039 daAuts
     D:1: 965 daAuts
     D:7: 887 daAuts
